 Dungeon Crawl Stone Soup version 0.29.1-15-g9cfb28693d (webtiles) character file.

Game seed: 15362947575576196973

5565 ThatPearl the Grappler (level 10, -10/77 HPs)
             Began as a Gnoll Transmuter on Mar 22, 2023.
             Was an Elder of Qazlal.
             Mangled by Gastronok (19 damage)
             ... on level 8 of the Dungeon on Mar 24, 2023.
             The game lasted 00:32:36 (9400 turns).

ThatPearl the Grappler (Gnoll Transmuter)           Turns: 9400, Time: 00:32:37

Health: -10/77     AC: 14    Str: 13    XL:     10   Next: 72%
Magic:  21/21      EV: 12    Int: 14    God:    Qazlal [****..]
Gold:   258        SH:  5    Dex: 18    Spells: 13/24 levels left

rFire   . . .      SeeInvis +   E - +2 broad axe (vamp)
rCold   . . .      Faith    .   (no shield)
rNeg    + . .      Spirit   .   d - +1 pearl dragon scales
rPois   .          Reflect  .   (helmet currently unavailable)
rElec   .          Harm     .   (no cloak)
rCorr   .          Rampage  .   r - +0 pair of gloves
Will    .....                   (boots currently unavailable)
Stlth   +.........              (no amulet)
HPRegen 0.22/turn               u - ring of see invisible
MPRegen 0.17/turn               O - +6 ring of dexterity

@: mighty, appendages, repel missiles
A: horns 2, talons 2, fangs 1, strong nose, distributed training
a: End Transformation, Renounce Religion, Upheaval, Elemental Force


You were on level 8 of the Dungeon.
You worshipped Qazlal.
Qazlal was greatly pleased with you.
You had temporarily grown beastly horns and talons.
You visited 1 branch of the dungeon, and saw 8 of its levels.

You collected 366 gold pieces.
You spent 108 gold pieces at shops.

Inventory:

Hand Weapons
 e - a +3 short sword of draining
 m - a +0 halberd
 o - a +0 sling
 p - a +4 whip of electrocution
 w - a +0 sling
 x - a +2 dagger of venom
 E - a +2 vampiric broad axe (weapon)
Missiles
 f - 6 javelins
 g - 90 stones (quivered)
 i - 5 poisoned darts
 B - 4 throwing nets
Armour
 d - +1 pearl dragon scales (worn)
 h - a +0 helmet (melded)
 r - a +0 pair of gloves (worn)
 z - a +0 pair of boots (melded)
 D - a +2 robe of willpower
Jewellery
 q - a +4 ring of evasion
 u - a ring of see invisible (left hand)
 O - a +6 ring of dexterity (right hand)
 P - a ring of resist corrosion
 R - a +4 ring of protection
Wands
 M - a wand of flame (34)
 N - a wand of acid (10)
Scrolls
 c - 4 scrolls of teleportation
 s - 2 scrolls of magic mapping
 t - 2 scrolls of enchant armour
 v - a scroll of immolation
 y - a scroll of amnesia {unknown}
 C - a scroll of acquirement {unknown}
 F - a scroll of brand weapon
 H - 2 scrolls of fear
 I - a scroll of butterflies {unknown}
 J - a scroll of blinking
 K - 2 scrolls of torment
 L - 5 scrolls of poison {unknown}
 S - a scroll of vulnerability {unknown}
Potions
 a - 5 potions of curing
 b - a potion of lignification
 j - 2 potions of magic
 k - 2 potions of brilliance
 l - a potion of might
 A - a potion of cancellation
 G - a potion of flight
 Q - 2 potions of mutation
 T - a potion of invisibility {unknown}


   Skills:
 + Level 6.3 Fighting
 + Level 5.7 Short Blades
 + Level 5.7 Long Blades
 + Level 5.7 Axes
 + Level 5.7 Maces & Flails
 + Level 5.7 Polearms
 + Level 5.7 Staves
 + Level 5.7 Ranged Weapons
 + Level 5.7 Throwing
 + Level 5.7 Armour
 + Level 7.4 Dodging
 + Level 5.7 Stealth
 + Level 5.7 Shields
 + Level 8.8 Unarmed Combat
 + Level 7.7 Spellcasting
 + Level 4.7 Conjurations
 + Level 4.7 Hexes
 + Level 4.7 Summonings
 + Level 4.7 Necromancy
 + Level 4.7 Translocations
 + Level 6.2 Transmutations
 + Level 4.7 Fire Magic
 + Level 4.7 Ice Magic
 + Level 4.7 Air Magic
 + Level 4.7 Earth Magic
 + Level 4.7 Poison Magic
 + Level 6.3 Invocations
 + Level 5.7 Evocations


You had 13 spell levels left.
You knew the following spells:

 Your Spells              Type           Power      Damage    Failure   Level
a - Beastly Appendage     Tmut           44%        N/A       6%          1
f - Fireball              Conj/Fire      9%         3d6       96%         5
s - Spider Form           Tmut/Pois      20%        N/A       22%         3
w - Wereblood             Tmut           22%        N/A       9%          2

Your spell library contained the following spells:

 Spells                   Type           Power      Damage    Failure   Level
 Slow                     Hex            72%        N/A       11%         1
 Static Discharge         Conj/Air       18%        3-6/arc   16%         2
 Confusing Touch          Hex            18%        N/A       30%         3
 Vampiric Draining        Necr           18%        2d7       30%         3
 Ice Form                 Ice/Tmut       20%        N/A       58%         4
 Dispel Undead            Necr           18%        3d11      71%         4
 Sticky Flame             Conj/Fire      18%        2d4       71%         4
 Starburst                Conj/Fire      9%         6d5       100%        6
 Ignition                 Fire           9%         3d5       100%        8


Dungeon Overview and Level Annotations

Branches:
Dungeon (8/15)             Temple (0/1) D:7
   Lair: D:8-11

Altars:
Dithmenos
Fedhas
Gozag
Kikubaaqudgha
Nemelex Xobeh
Qazlal
Uskayaw

Shops:
D:1 :[   D:4 [   D:5 =

Annotations:
D:2 Sigmund
D:8 Gastronok


Innate Abilities, Weirdness & Mutations

You have temporarily grown beastly horns and talons.
You have very sharp teeth.
Your uncanny sense of smell can sniff out nearby items.
Your experience applies equally to all skills.


Message History

You climb downwards.
Level annotation: Gastronok The gnoll hits you with a +0 spear.
Gastronok bites you!
There is a stone staircase leading up, spattered with blood here.
You slash Gastronok!
You feel better.
You claw Gastronok.
Gastronok is lightly wounded.
You slash the gnoll!
You feel better. The gnoll barely misses you. x2
Unknown command.
You hit Gastronok. You claw Gastronok.
Gastronok is lightly wounded.
You closely miss the gnoll. Gastronok bites you!! The gnoll misses you.
Unknown command.
You hit Gastronok.
You feel better.
You headbutt Gastronok! You bite Gastronok, but do no damage.
Gastronok is moderately wounded.
You hit the gnoll.
You feel better. The gnoll barely misses you.
You wobble.
Unknown command.
You slash Gastronok!
You feel better.
You claw Gastronok, but do no damage.
Gastronok is moderately wounded.
You hit the gnoll.
You feel better. The gnoll hits you but does no damage.
Unknown command.
You hit the gnoll.
You kill the gnoll!
Qazlal accepts your kill.
You hit Gastronok. Gastronok bites you!! The gnoll barely misses you.
Unknown command.
You hit Gastronok.
You feel better.
You claw Gastronok!
Gastronok is moderately wounded.
You barely miss the gnoll. You block the gnoll's attack. Gastronok bites you!!
* * * LOW HITPOINT WARNING * * *
Unknown command.
You feel very mighty all of a sudden. The gnoll hits you but does no damage.
You hit Gastronok.
You feel better.
You headbutt Gastronok! You bite Gastronok!
Gastronok is heavily wounded.
You hit the gnoll.
You feel better. The gnoll hits you with a +0 whip.
* * * LOW HITPOINT WARNING * * *
Gastronok bites you!!
You die...

### ..# #.# #.#
#.##### # #)##..
#.#####.##.#
#?...[[.##.###
####.##...)g@#
#.#####)#w# #.#
#.#... #g#
#g##### #g# #.#
#g# #.#
########g#####..
...............#
#####....#####.#


You could see Gastronok and a gnoll.

Vanquished Creatures
  Pikel (D:6)
  A cyclops (D:7)
  Maggie (D:7)
  Grinder (D:3)
  Prince Ribbit (D:7)
  2 steam dragons
  3 sky beasts
  An ice beast (D:7)
  4 black bears
  3 ogres
  A wolf (D:5)
  A centaur (D:7)
  4 phantoms
  A necrophage (D:4)
  3 gnoll sergeants
  3 scorpions
  4 bullfrogs
  10 wights (D:7)
  3 killer bees (D:7)
  2 howler monkeys
  4 hounds
  4 jellies
  An orc priest (D:8)
  5 gnoll boudas
  Terence (D:2)
  2 iguanas (D:5)
  3 orc wizards
  35 gnolls
  8 adders
  4 white imps
  3 ufetubi
  A worm (D:2)
  A dart slug (D:1)
  7 orcs
  5 endoplasms
  6 giant cockroaches
  3 goblins
  6 hobgoblins
  6 jackals (D:5)
  2 quokkas
  6 ball pythons
  3 bats
  5 frilled lizards
  8 kobolds
  7 rats
186 creatures vanquished.

Notes
Turn   | Place    | Note
-------+----------+-------------------------------------------
     0 | D:1      | ThatPearl the Gnoll Transmuter began the quest for the Orb.
     0 | D:1      | Reached XP level 1. HP: 17/17 MP: 6/6
   142 | D:1      | Found a faded altar of an unknown god.
   157 | D:1      | Prayed at the altar of an unknown god.
   157 | D:1      | Became a worshipper of Qazlal Stormbringer
   157 | D:1      | Reached * piety under Qazlal
   248 | D:1      | Reached XP level 2. HP: 23/23 MP: 7/7
   259 | D:1      | Learned a level 2 spell: Wereblood
   456 | D:1      | Found Pycw's Book Shop.
   597 | D:1      | Reached skill level 5 in Spellcasting
   597 | D:1      | Reached XP level 3. HP: 28/28 MP: 7/9
   665 | D:1      | Reached ** piety under Qazlal
   677 | D:1      | Found Manyfuam's Armour Boutique.
   688 | D:1      | Bought a +0 helmet for 54 gold pieces
  1032 | D:2      | Reached skill level 1 in Invocations
  1037 | D:2      | Noticed Terence
  1046 | D:2      | Killed Terence
  1047 | D:2      | Reached skill level 1 in Short Blades
  1047 | D:2      | Reached skill level 1 in Long Blades
  1047 | D:2      | Reached skill level 1 in Axes
  1047 | D:2      | Reached skill level 1 in Maces & Flails
  1047 | D:2      | Reached skill level 1 in Polearms
  1047 | D:2      | Reached skill level 1 in Staves
  1047 | D:2      | Reached skill level 1 in Ranged Weapons
  1047 | D:2      | Reached skill level 1 in Throwing
  1047 | D:2      | Reached skill level 1 in Armour
  1047 | D:2      | Reached skill level 1 in Stealth
  1047 | D:2      | Reached skill level 1 in Shields
  1047 | D:2      | Reached skill level 1 in Evocations
  1047 | D:2      | Reached XP level 4. HP: 34/34 MP: 8/11
  1337 | D:2      | Reached skill level 1 in Conjurations
  1337 | D:2      | Reached skill level 1 in Hexes
  1337 | D:2      | Reached skill level 1 in Summonings
  1337 | D:2      | Reached skill level 1 in Necromancy
  1337 | D:2      | Reached skill level 1 in Translocations
  1337 | D:2      | Reached skill level 1 in Fire Magic
  1337 | D:2      | Reached skill level 1 in Ice Magic
  1337 | D:2      | Reached skill level 1 in Air Magic
  1337 | D:2      | Reached skill level 1 in Earth Magic
  1337 | D:2      | Reached skill level 1 in Poison Magic
  1436 | D:2      | Noticed Sigmund
  1676 | D:3      | Reached XP level 5. HP: 12/40 MP: 10/12
  2194 | D:3      | Found an opulent altar of Gozag.
  2241 | D:3      | Noticed Grinder
  2250 | D:3      | Paralysed by Grinder for 5 turns
  2274 | D:3      | Paralysed by Grinder for 4 turns
  2284 | D:3      | Killed Grinder
  2285 | D:3      | Reached skill level 5 in Dodging
  2285 | D:3      | Reached XP level 6. HP: 32/47 MP: 14/14
  2840 | D:4      | Found a sparkling altar of Nemelex Xobeh.
  2891 | D:4      | Noticed a black bear
  2903 | D:4      | Killed a black bear
  2904 | D:4      | Reached skill level 7 in Unarmed Combat
  2904 | D:4      | Reached XP level 7. HP: 43/52 MP: 13/15
  3359 | D:4      | Found Soelec's Armour Shop.
  3367 | D:4      | Bought a +0 pair of boots for 54 gold pieces
  3703 | D:5      | Entered Level 5 of the Dungeon
  3768 | D:5      | Reached XP level 8. HP: 35/60 MP: 16/16
  3973 | D:5      | Found a shadowy altar of Dithmenos.
  4060 | D:5      | Found a hide-covered altar of Uskayaw.
  4128 | D:5      | Reached *** piety under Qazlal
  4174 | D:5      | Found Deag Haireos's Jewellery Boutique.
  4957 | D:5      | Reached skill level 5 in Transmutations
  5620 | D:5      | Reached XP level 9. HP: 57/66 MP: 16/18
  5726 | D:6      | Noticed Pikel
  5821 | D:6      | Killed Pikel
  5822 | D:6      | Reached skill level 5 in Fighting
  5838 | D:6      | Reached skill level 8 in Unarmed Combat
  5917 | D:6      | Reached skill level 5 in Invocations
  5986 | D:6      | Learned a level 5 spell: Fireball
  5990 | D:6      | Learned a level 3 spell: Spider Form
  6400 | D:6      | Found a blossoming altar of Fedhas.
  6403 | D:6      | Found an ancient bone altar of Kikubaaqudgha.
  6601 | D:7      | Noticed Prince Ribbit
  6859 | D:7      | Killed Prince Ribbit
  6859 | D:7      | Reached **** piety under Qazlal
  7084 | D:7      | Found a staircase to the Ecumenical Temple.
  7115 | D:7      | Reached skill level 5 in Short Blades
  7115 | D:7      | Reached skill level 5 in Long Blades
  7115 | D:7      | Reached skill level 5 in Axes
  7115 | D:7      | Reached skill level 5 in Maces & Flails
  7115 | D:7      | Reached skill level 5 in Polearms
  7115 | D:7      | Reached skill level 5 in Staves
  7115 | D:7      | Reached skill level 5 in Ranged Weapons
  7115 | D:7      | Reached skill level 5 in Throwing
  7115 | D:7      | Reached skill level 5 in Armour
  7115 | D:7      | Reached skill level 5 in Stealth
  7115 | D:7      | Reached skill level 5 in Shields
  7115 | D:7      | Reached skill level 5 in Evocations
  7115 | D:7      | Reached XP level 10. HP: 67/76 MP: 18/20
  7171 | D:7      | Noticed a cyclops
  7182 | D:7      | Killed a cyclops
  8051 | D:7      | Noticed Maggie
  8074 | D:7      | Killed Maggie
  9267 | D:8      | Noticed Gastronok
  9400 | D:8      | Mangled by Gastronok

Illustrated notes

Levels and vault maps discovered:
D:1:      beargit_arrival_diablo_church, layout_basic,
          shapermc_ecumenical_altar_ellora, serial_shops, nicolae_diamond_shop,
          shop_fountains
D:2:      layout_basic, uniq_terence, uniq_sigmund
D:3:      layout_loops_ring, nicolae_gozag_cash_rules_everything_around_me,
          serial_rivers, chequers_serial_rivers_small_3,
          chequers_serial_rivers_small_a, chequers_serial_rivers_large_a,
          chequers_serial_rivers_micro_b, chequers_serial_rivers_micro_b,
          uniq_grinder
D:4:      layout_rooms, old_standard_altar, serial_shops, nicolae_shop_stone
D:5:      layout_cave_pools, mainiacjoe_overflow_concentric_impassable,
          mainiacjoe_overflow_tiny_flanked, serial_gnoll_camp,
          gnoll_camp_mini_shop, gnoll_camp_huts_moat, gnoll_camp_mini_basic,
          gnoll_camp_mini_hut, gnoll_camp_mini_loothouse,
          kennysheep_generic_room_11
D:6:      layout_rooms, grunt_temple_overflow_growth_and_decay, uniq_pikel
D:7:      minmay_razor_zed, layout_loops_ring,
          minmay_temple_entry_enclosed_plants, uniq_prince_ribbit1, uniq_maggie
D:8:      layout_loops_ring, lair_entry_dummy, uniq_gastronok

Skill      XL: |  1  2  3  4  5  6  7  8  9 10 |
---------------+-------------------------------+-----
Spellcasting   | 5 6 7 |  7.7
Invocations    | 1 2 3 4 5 6 |  6.3
Short Blades   | 1 2 3 5 |  5.7
Long Blades    | 1 2 3 5 |  5.7
Axes           | 1 2 3 5 |  5.7
Maces & Flails | 1 2 3 5 |  5.7
Polearms       | 1 2 3 5 |  5.7
Staves         | 1 2 3 5 |  5.7
Ranged Weapons | 1 2 3 5 |  5.7
Throwing       | 1 2 3 5 |  5.7
Armour         | 1 2 3 5 |  5.7
Stealth        | 1 2 3 5 |  5.7
Shields        | 1 2 3 5 |  5.7
Evocations     | 1 2 3 5 |  5.7
Conjurations   | 1 2 3 4 |  4.7
Hexes          | 1 2 3 4 |  4.7
Summonings     | 1 2 3 4 |  4.7
Necromancy     | 1 2 3 4 |  4.7
Translocations | 1 2 3 4 |  4.7
Fire Magic     | 1 2 3 4 |  4.7
Ice Magic      | 1 2 3 4 |  4.7
Air Magic      | 1 2 3 4 |  4.7
Earth Magic    | 1 2 3 4 |  4.7
Poison Magic   | 1 2 3 4 |  4.7
Fighting       | 3 4 5 6 |  6.3
Dodging        | 5 6 7 |  7.4
Transmutations | 4 5 6 |  6.2
Unarmed Combat | 7 8 |  8.8

Action                   |  1- 3 |  4- 6 |  7- 9 | 10-12 || total
-------------------------+-------+-------+-------+-------++-------
Melee: Unarmed           |    73 |   100 |   333 |   179 ||   685
       Bite              |     8 |     6 |    32 |    26 ||    72
       Punch             |     2 |     4 |    15 |     7 ||    28
       Kick              |     3 |    16 |    83 |    36 ||   138
       Headbutt          |     1 |     9 |    50 |    26 ||    86
       Broad axe         |       |       |       |    23 ||    23
Throw: Dart              |       |     5 |     5 |       ||    10
       Stone             |       |     3 |     4 |     1 ||     8
 Cast: Beastly Appendage |     1 |     8 |    29 |    11 ||    49
       Wereblood         |       |       |     3 |     3 ||     6
       Spider Form       |       |       |       |     1 ||     1
Evoke: Wand              |       |       |     2 |       ||     2
  Use: Scroll            |       |       |    16 |     3 ||    19
       Potion            |       |       |       |     3 ||     3
 Stab: Distracted        |       |       |     1 |       ||     1
Armor: Pearl dragon scal |    37 |    49 |   159 |    81 ||   326
Dodge: Dodged            |    21 |    51 |   152 |   103 ||   327
Block: Other             |     6 |     9 |    43 |    45 ||   103
